TOP OF THE 1ST |
Irvine Gang Green batting - Pitching for Hendersonville Hitmen : RHP Won-min Im
|
Pitching: RHP Won-min Im
|
|
Batting: LHB Tom Baker
|
0-0: Ball 1-0: Swinging Strike 1-1: Ball 2-1: Fly out, F4 (Line Drive, 4)
|
Batting: LHB Tony Tavárez
|
0-0: Called Strike 0-1: Foul Ball, location: 2F 0-2: Ball 1-2: Foul Ball, location: 2F 1-2: SINGLE (Groundball, 56D)
|
Batting: LHB Víctor Quiñones
|
0-0: Ball 1-0: Ball 2-0: Fly out, F8 (Flyball, 8LM)
|
Batting: RHB Eichiro Yamamoto
|
0-0: Ball 1-0: Ball 2-0: Ball 3-0: Called Strike 3-1: Foul Ball, location: 2F 3-2: Fly out, F2 (Popup, 34S)
|
Top of the 1st over - 0 run(s), 1 hit(s), 0 error(s), 1 left on base; Irvine 0 - Hendersonville 0 |
BOTTOM OF THE 1ST |
Hendersonville Hitmen batting - Pitching for Irvine Gang Green : LHP Masutaro Koyama
|
Pitching: LHP Masutaro Koyama
|
|
Batting: SHB José Estreito
|
0-0: Ball 1-0: Ball 2-0: Foul Ball, location: 2F 2-1: Foul Ball, location: 2F 2-2: Ball 3-2: SINGLE (Line Drive, 34)
|
Batting: RHB Bill Mark
|
0-0: Ball José Estreito is caught stealing 2nd base 1-0: Ball 2-0: Called Strike 2-1: Ground out 5-3 (Groundball, 5L)
|
Batting: RHB José Aguilera
|
0-0: Ball 1-0: Swinging Strike 1-1: Ball 2-1: Swinging Strike 2-2: Strikes out swinging
|
Bottom of the 1st over - 0 run(s), 1 hit(s), 0 error(s), 0 left on base; Irvine 0 - Hendersonville 0 |
TOP OF THE 2ND |
Irvine Gang Green batting - Pitching for Hendersonville Hitmen : RHP Won-min Im
|
Batting: LHB Leonardo Medina
|
0-0: Called Strike 0-1: Swinging Strike 0-2: Ball 1-2: Strikes out swinging
|
Batting: RHB José Salazar
|
0-0: Ball 1-0: Foul Ball, location: 2F 1-1: Ground out 4-3 (Groundball, 4M)
|
Batting: RHB Aaron Wilson
|
0-0: Ball 1-0: Ground out 5-3 (Groundball, 56)
|
Top of the 2nd over - 0 run(s), 0 hit(s), 0 error(s), 0 left on base; Irvine 0 - Hendersonville 0 |
BOTTOM OF THE 2ND |
Hendersonville Hitmen batting - Pitching for Irvine Gang Green : LHP Masutaro Koyama
|
Batting: RHB Robert Buckley
|
0-0: Ball 1-0: Foul Ball, location: 2F 1-1: Ball 2-1: Ball 3-1: Swinging Strike 3-2: DOUBLE (Line Drive, 9LM)
|
Batting: SHB Tony López
|
0-0: Called Strike 0-1: Ball 1-1: SINGLE (Groundball, 6MD) Robert Buckley to third
|
Batting: RHB Felipe Rivera
|
0-0: Called Strike 0-1: Called Strike 0-2: SINGLE (Groundball, 4) (infield hit) Robert Buckley scores Tony López to second
|
Batting: RHB Jared Thompson
|
0-0: Called Strike 0-1: Ball 1-1: Called Strike 1-2: Foul Ball, location: 2F 1-2: Strikes out looking
|
Batting: SHB David Johnstone
|
0-0: Ball 1-0: Swinging Strike 1-1: Called Strike 1-2: Strikes out swinging
|
Batting: RHB Robert Bly
|
0-0: Called Strike 0-1: Foul Ball, location: 2F 0-2: Ball 1-2: Strikes out swinging
|
Bottom of the 2nd over - 1 run(s), 3 hit(s), 0 error(s), 2 left on base; Irvine 0 - Hendersonville 1 |
TOP OF THE 3RD |
Irvine Gang Green batting - Pitching for Hendersonville Hitmen : RHP Won-min Im
|
Batting: RHB Joe Baker
|
0-0: Ball 1-0: Called Strike 1-1: Ball 2-1: Foul Ball, location: 2F 2-2: Strikes out looking
|
Batting: RHB Santo Cruz
|
0-0: Ball 1-0: SINGLE (Line Drive, 5)
|
Batting: LHB Tom Baker
|
0-0: Ball Santo Cruz steals 2nd base 1-0: Called Strike 1-1: Ball 2-1: Foul Ball, location: 2F 2-2: Foul Ball, location: 2F 2-2: Foul Ball, location: 2F 2-2: Strikes out looking
|
Batting: LHB Tony Tavárez
|
0-0: Foul Ball, location: 2F 0-1: Called Strike 0-2: Ground out 6-3 (Groundball, 6)
|
Top of the 3rd over - 0 run(s), 1 hit(s), 0 error(s), 1 left on base; Irvine 0 - Hendersonville 1 |
BOTTOM OF THE 3RD |
Hendersonville Hitmen batting - Pitching for Irvine Gang Green : LHP Masutaro Koyama
|
Batting: SHB José Estreito
|
0-0: Fly out, F7 (Flyball, 7LS)
|
Batting: RHB Bill Mark
|
0-0: Foul Ball, location: 2F 0-1: Swinging Strike 0-2: DOUBLE (Flyball, 78M)
|
Batting: RHB José Aguilera
|
0-0: Foul Ball, location: 2F 0-1: Ground out 5-3 (Groundball, 56)
|
Batting: RHB Robert Buckley
|
0-0: Called Strike 0-1: Ball 1-1: Ball 2-1: Ball 3-1: Fly out, F7 (Flyball, 78S)
|
Bottom of the 3rd over - 0 run(s), 1 hit(s), 0 error(s), 1 left on base; Irvine 0 - Hendersonville 1 |
TOP OF THE 4TH |
Irvine Gang Green batting - Pitching for Hendersonville Hitmen : RHP Won-min Im
|
Batting: LHB Víctor Quiñones
|
0-0: Ball 1-0: Fly out, F8 (Flyball, 8RS)
|
Batting: RHB Eichiro Yamamoto
|
0-0: Ball 1-0: Called Strike 1-1: Ground out 6-3 (Groundball, 6)
|
Batting: LHB Leonardo Medina
|
0-0: Called Strike 0-1: Ball 1-1: Ball 2-1: Ball 3-1: Foul Ball, location: 2F 3-2: Base on Balls
|
Batting: RHB José Salazar
|
0-0: Foul Ball, location: 2F 0-1: Called Strike 0-2: Ball 1-2: Ball Wild Pitch! Leonardo Medina to second 2-2: Foul Ball, location: 2F 2-2: Foul Ball, location: 2F 2-2: Ball 3-2: Foul Ball, location: 2F 3-2: Foul Ball, location: 2F 3-2: Base on Balls
|
Batting: RHB Aaron Wilson
|
0-0: Fielders Choice at 2nd, 4-6 (Groundball, 4)
|
Top of the 4th over - 0 run(s), 0 hit(s), 0 error(s), 1 left on base; Irvine 0 - Hendersonville 1 |
BOTTOM OF THE 4TH |
Hendersonville Hitmen batting - Pitching for Irvine Gang Green : LHP Masutaro Koyama
|
Batting: SHB Tony López
|
0-0: Ball 1-0: Ball 2-0: Ball 3-0: Called Strike 3-1: Base on Balls
|
Batting: RHB Felipe Rivera
|
0-0: Ball 1-0: Ball 2-0: Called Strike 2-1: Foul Ball, location: 2F 2-2: Foul Ball, location: 2F 2-2: Ball 3-2: Strikes out swinging
|
Batting: RHB Jared Thompson
|
0-0: Grounds into double play, 6-4-3 (Groundball, 6)
|
Bottom of the 4th over - 0 run(s), 0 hit(s), 0 error(s), 0 left on base; Irvine 0 - Hendersonville 1 |
TOP OF THE 5TH |
Irvine Gang Green batting - Pitching for Hendersonville Hitmen : RHP Won-min Im
|
Pitching: RHP Jorge Pérez
|
|
Batting: RHB Joe Baker
|
0-0: Ball 1-0: Ball 2-0: Swinging Strike 2-1: Foul Ball, location: 2F 2-2: Ball 3-2: Strikes out swinging
|
Batting: RHB Santo Cruz
|
0-0: Called Strike 0-1: Ball 1-1: Ball 2-1: Swinging Strike 2-2: Ground out 5-3 (Groundball, 5)
|
Batting: LHB Tom Baker
|
0-0: Called Strike 0-1: Called Strike 0-2: Ball 1-2: Foul Ball, location: 2F 1-2: Ground out 4-3 (Groundball, 4S)
|
Top of the 5th over - 0 run(s), 0 hit(s), 0 error(s), 0 left on base; Irvine 0 - Hendersonville 1 |
BOTTOM OF THE 5TH |
Hendersonville Hitmen batting - Pitching for Irvine Gang Green : LHP Masutaro Koyama
|
Pitching: RHP Brandon Williams
|
|
Batting: SHB David Johnstone
|
0-0: Ball 1-0: Ball 2-0: Ground out 6-3 (Groundball, 6)
|
Batting: RHB Robert Bly
|
0-0: Ball 1-0: Foul Ball, location: 2F 1-1: Foul Ball, location: 2F 1-2: SINGLE (Groundball, 56D)
|
Batting: SHB José Estreito
|
0-0: Ball 1-0: Foul Ball, location: 2F 1-1: Foul Ball, location: 2F 1-2: Ball 2-2: Foul Ball, location: 2F 2-2: Fly out, F4 (Popup, 34)
|
Batting: RHB Bill Mark
|
0-0: Ball 1-0: Ball 2-0: Called Strike 2-1: Ball 3-1: Called Strike 3-2: Ground out 6-3 (Groundball, 6S)
|
Bottom of the 5th over - 0 run(s), 1 hit(s), 0 error(s), 1 left on base; Irvine 0 - Hendersonville 1 |
TOP OF THE 6TH |
Irvine Gang Green batting - Pitching for Hendersonville Hitmen : RHP Jorge Pérez
|
Batting: LHB Tony Tavárez
|
0-0: Ball 1-0: Ground out 3-1 (Groundball, 34)
|
Batting: LHB Víctor Quiñones
|
0-0: Fly out, F9 (Flyball, 9S)
|
Batting: RHB Eichiro Yamamoto
|
0-0: Ball 1-0: Ball 2-0: Fly out, F3 (Flyball, 3D)
|
Top of the 6th over - 0 run(s), 0 hit(s), 0 error(s), 0 left on base; Irvine 0 - Hendersonville 1 |
BOTTOM OF THE 6TH |
Hendersonville Hitmen batting - Pitching for Irvine Gang Green : RHP Brandon Williams
|
Batting: RHB José Aguilera
|
0-0: Ball 1-0: Ball 2-0: Ground out 4-3 (Groundball, 34)
|
Batting: RHB Robert Buckley
|
0-0: Ball 1-0: Ball 2-0: Foul Ball, location: 2F 2-1: SINGLE (Groundball, 56D)
|
Batting: SHB Tony López
|
0-0: Called Strike 0-1: Ball 1-1: Foul Ball, location: 2F 1-2: Ball 2-2: 2-RUN HOME RUN (Line Drive, 9LD), Distance : 366 ft
|
Batting: RHB Felipe Rivera
|
0-0: Ball 1-0: Ground out 5-3 (Groundball, 56S)
|
Batting: RHB Jared Thompson
|
0-0: Foul Ball, location: 2F 0-1: Ground out 3-1 (Groundball, 34)
|
Bottom of the 6th over - 2 run(s), 2 hit(s), 0 error(s), 0 left on base; Irvine 0 - Hendersonville 3 |
TOP OF THE 7TH |
Irvine Gang Green batting - Pitching for Hendersonville Hitmen : RHP Jorge Pérez
|
Batting: LHB Leonardo Medina
|
0-0: Foul Ball, location: 2F 0-1: Foul Ball, location: 2F 0-2: Foul Ball, location: 2F 0-2: Foul Ball, location: 2F 0-2: Ball 1-2: Fly out, F8 (Line Drive, 8LS)
|
Batting: RHB José Salazar
|
0-0: Called Strike 0-1: Swinging Strike 0-2: Foul Ball, location: 2F 0-2: Foul Ball, location: 2F 0-2: Ball 1-2: Foul Ball, location: 2F 1-2: Ball 2-2: SINGLE (Groundball, 56D)
|
Batting: RHB Aaron Wilson
|
0-0: Ball 1-0: Called Strike 1-1: Grounds into double play, 4-6-3 (Groundball, 4)
|
Top of the 7th over - 0 run(s), 1 hit(s), 0 error(s), 0 left on base; Irvine 0 - Hendersonville 3 |
BOTTOM OF THE 7TH |
Hendersonville Hitmen batting - Pitching for Irvine Gang Green : RHP Brandon Williams
|
Pitching: RHP Cris Rincón
|
|
Batting: SHB David Johnstone
|
0-0: Ground out 4-3 (Groundball, 34)
|
Batting: RHB Robert Bly
|
0-0: Ball 1-0: Foul Ball, location: 2F 1-1: Foul Ball, location: 2F 1-2: Ground out 6-3 (Groundball, 6)
|
Pinch Hitting: LHB Lorenzo Quintanilla
|
0-0: Ball 1-0: Foul Ball, location: 2F 1-1: Foul Ball, location: 2F 1-2: Ball 2-2: Ball 3-2: Fly out, F7 (Flyball, 7D)
|
Bottom of the 7th over - 0 run(s), 0 hit(s), 0 error(s), 0 left on base; Irvine 0 - Hendersonville 3 |
TOP OF THE 8TH |
Irvine Gang Green batting - Pitching for Hendersonville Hitmen : RHP Jorge Pérez
|
Now in RF: Lorenzo Quintanilla
|
|
Batting: RHB Joe Baker
|
0-0: Ball 1-0: Fly out, F8 (Flyball, 8RM)
|
Batting: RHB Santo Cruz
|
0-0: Ball 1-0: Ground out 5-3 (Groundball, 56)
|
Pinch Hitting: LHB Jorge Martínez
|
0-0: Ball 1-0: Foul Ball, location: 2F 1-1: Ground out 6-3 (Groundball, 6)
|
Top of the 8th over - 0 run(s), 0 hit(s), 0 error(s), 0 left on base; Irvine 0 - Hendersonville 3 |
BOTTOM OF THE 8TH |
Hendersonville Hitmen batting - Pitching for Irvine Gang Green : RHP Cris Rincón
|
Now in CF: Jesús Campos
|
|
Pinch Hitting: SHB Rick Turner
|
0-0: Called Strike 0-1: Called Strike 0-2: Foul Ball, location: 2F 0-2: Ball 1-2: Strikes out swinging
|
Pinch Hitting: LHB Leonard Young
|
0-0: Fly out, F7 (Flyball, 7LSF)
|
Pinch Hitting: RHB Lonson Seals
|
0-0: Foul Ball, location: 2F 0-1: Foul Ball, location: 2F 0-2: Ball 1-2: Ball 2-2: Ball 3-2: Foul Ball, location: 2F 3-2: Strikes out swinging
|
Bottom of the 8th over - 0 run(s), 0 hit(s), 0 error(s), 0 left on base; Irvine 0 - Hendersonville 3 |
TOP OF THE 9TH |
Irvine Gang Green batting - Pitching for Hendersonville Hitmen : RHP Jorge Pérez
|
Pitching: RHP Robinson Gonzáles
|
|
Now at 1B: Leonard Young
|
|
Now at 2B: Lonson Seals
|
|
Now in CF: Pedro Gonzáles
|
|
Pinch Hitting: RHB Manny Copriviza
|
0-0: Called Strike 0-1: Ball 1-1: Foul Ball, location: 2F 1-2: Fly out, F8 (Line Drive, 8RD)
|
Batting: LHB Víctor Quiñones
|
0-0: Called Strike 0-1: Ball 1-1: Foul Ball, location: 2F 1-2: Ground out 6-3 (Groundball, 6M)
|
Pinch Hitting: LHB José Sánchez
|
0-0: Ball 1-0: Swinging Strike 1-1: Ball 2-1: Swinging Strike 2-2: Ball 3-2: Foul Ball, location: 2F 3-2: Foul Ball, location: 2F 3-2: Base on Balls
|
Batting: LHB Bill Murphy
|
0-0: Swinging Strike 0-1: Ball 1-1: Ball 2-1: Foul Ball, location: 2F 2-2: Strikes out swinging
|
Top of the 9th over - 0 run(s), 0 hit(s), 0 error(s), 1 left on base; Irvine 0 - Hendersonville 3 |
|